 Dungeon Crawl Stone Soup version 0.29.1-14-g9c671dbff4 (webtiles) character file.

Game seed: 5285085446448167295

19268 Smoke131 the Fighter (level 12, -5/106 HPs)
             Began as a Yellow Draconian Fire Elementalist on Feb 21, 2023.
             Was a Priest of Vehumet.
             Slain by a hell knight
             ... wielding a +0 flail of flaming
              (16 damage)
             ... in a volcano.
             The game lasted 00:54:27 (16755 turns).

Smoke131 the Fighter (DrFE)                        Turns: 16755, Time: 00:54:28

Health: -5/106     AC: 14    Str: 12    XL:     12   Next: 35%
Magic:  21/22      EV: 19    Int: 19    God:    Vehumet [***...]
Gold:   885        SH: 10    Dex: 12    Spells: 6/24 levels left

rFire   + . .      SeeInvis .   d - staff of fire
rCold   . . .      Faith    .   h - +0 buckler
rNeg    . . .      Spirit   .   (body armour unavailable)
rPois   +          Reflect  +   (helmet restricted)
rElec   .          Harm     .   D - +2 cloak {Will+}
rCorr   +          Rampage  .   (no gloves)
Will    +....                   f - +2 pair of boots
Stlth   ++........              c - amulet of reflection
HPRegen 0.27/turn               g - ring of poison resistance
MPRegen 0.18/turn               v - +4 ring of evasion

@: no status effects
A: spit acid, AC +8, unfitting armour, cold-blooded, acid resistance
a: Breathe Acid, Renounce Religion


You were in a volcano.
You worshipped Vehumet.
Vehumet was most pleased with you.
You visited 3 branches of the dungeon, and saw 14 of its levels.
You also visited: Volcano.

You collected 885 gold pieces.

Inventory:

Hand Weapons
 z - the +7 staff of the Meek {protect, meekguard}
   (You found it on level 5 of the Dungeon)

   It grants its wielder temporary protection when it strikes (+7 to AC).
   It provides extra protection to wielders with little health.
Missiles
 n - a throwing net
Armour
 f - a +2 pair of boots (worn)
 h - a +0 buckler (worn)
 D - a +2 cloak of willpower (worn)
Magical Staves
 d - a staff of fire (weapon)
Jewellery
 c - an amulet of reflection (around neck)
 g - a ring of poison resistance (left hand)
 i - a ring of willpower
 v - a +4 ring of evasion (right hand)
 x - a ring of fire
 B - a +4 ring of protection
 G - a +4 ring of protection
 K - a +6 ring of strength
Wands
 w - a wand of paralysis (12)
 A - a wand of flame (11)
 C - a wand of iceblast (3)
Scrolls
 e - 5 scrolls of amnesia
 k - a scroll of brand weapon {unknown}
 l - a scroll of identify
 o - a scroll of magic mapping
 q - a scroll of poison
 s - 2 scrolls of silence
 y - a scroll of fog
 F - 7 scrolls of teleportation
 J - a scroll of enchant armour
Potions
 a - a potion of magic
 b - a potion of heal wounds
 j - 4 potions of lignification
 m - 6 potions of curing
 p - 7 potions of flight
 r - 3 potions of mutation
 t - a potion of might
 E - 2 potions of attraction
 H - 3 potions of cancellation
 I - a potion of ambrosia
 L - a potion of resistance
 M - a potion of haste


   Skills:
 - Level 10.0 Fighting
 + Level 9.2 Dodging
 - Level 1.7 Stealth
 - Level 4.0 Shields
 + Level 6.9 Spellcasting
 + Level 9.8 Conjurations
 - Level 10.0 Fire Magic


You had 6 spell levels left.
You knew the following spells:

 Your Spells              Type           Power      Damage    Failure   Level
a - Foxfire               Conj/Fire      100%       2x1d9     1%          1
b - Scorch                Fire           100%       2d10      1%          2
c - Conjure Flame         Conj/Fire      60%        6-21      1%          3
d - Flame Wave            Conj/Fire      60%        2d14      1%          4
k - Blink                 Tloc           12%        N/A       21%         2
l - Dazzling Flash        Conj/Hex       50%        N/A       1%          3
w - Passwall              Tmut/Erth      5%         N/A       21%         2
z - Magic Dart            Conj           100%       1d8       1%          1

Your spell library contained the following spells:

 Spells                   Type           Power      Damage    Failure   Level
 Ignite Poison            Fire/Tmut/Pois 28%        N/A       2%          3
 Inner Flame              Hex/Fire       38%        N/A       1%          3
 Mephitic Cloud           Conj/Pois/Air  19%        N/A       2%          3
 Summon Small Mammal      Summ           24%        N/A       13%         1
 Call Imp                 Summ           6%         N/A       21%         2
 Ensorcelled Hibernation  Hex/Ice        12%        N/A       21%         2
 Call Canine Familiar     Summ           6%         N/A       36%         3
 Lesser Beckoning         Tloc           6%         N/A       36%         3
 Summon Guardian Golem    Hex/Summ       6%         N/A       36%         3
 Swiftness                Air            6%         N/A       36%         3
 Manifold Assault         Tloc           6%         N/A       98%         5
 Summon Forest            Summ/Tloc      3%         N/A       98%         5
 Summon Mana Viper        Hex/Summ       6%         N/A       98%         5
 Summon Cactus Giant      Summ           3%         N/A       100%        6


Dungeon Overview and Level Annotations

Branches:
Dungeon (10/15)            Temple (1/1) D:5            Lair (3/5) D:10
 Shoals (0/4) Lair:3        Snake (0/4) Lair:2      Volcano (1/1)
    Orc: D:9-12

Altars:
Ashenzari
Cheibriados
Dithmenos
Elyvilon
Fedhas
Gozag
Hepliaklqana
Kikubaaqudgha
Makhleb
Nemelex Xobeh
Okawaru
Qazlal
Ru
Sif Muna
Trog
Uskayaw
Vehumet
Wu Jian
Yredelemnul
Zin
The Shining One

Shops:
D:7 *


Innate Abilities, Weirdness & Mutations

You can spit globs of acid.
Your golden yellow scales are hard. (AC +8)
You cannot fit into any form of body armour.
You are cold-blooded and may be slowed by cold attacks.
You are resistant to acid. (rCorr)


Message History

The flame wave engulfs the hell knight.
The hell knight completely resists.
The hell knight is heavily wounded.
You finish channelling waves of flame.
The two-headed ogre hits you with a +0 giant club of flaming.
The two-headed ogre hits you with a +0 giant club of flaming!!
* * * LOW HITPOINT WARNING * * *
The two-headed ogre burns you.
* * * LOW HITPOINT WARNING * * *
The hell knight misses you. The two-headed ogre misses you.
The two-headed ogre closely misses you.
There is a large open door here.
Things that are here:
a +0 great mace of flaming; a +0 giant club of flaming The air gets thick with the scent of sulphur.
You flicker for a moment.
In the distance, the volcano erupts with a roar.
The hell knight shouts!
You flicker back into view.
The two-headed ogre shouts in stereo!
The hell knight mumbles some strange prayers to its god.
The hell knight seems to speed up.
Aiming: Paralyse
Press: ? - help, Shift-Dir - straight line, f - two-headed ogre
Aim: a two-headed ogre, wielding two +0 giant clubs of flaming (moderately wounded, chance to affect: 31%)
Okay, then.
Unknown command.
Unknown command.
The hell knight mumbles some strange prayers to its god against you.
The bolt of fire hits you! You resist.
* * * LOW HITPOINT WARNING * * *
There is a rock-blocked tunnel here.
The hell knight attacks as you move away!
The hell knight hits you with a +0 flail of flaming!
* * * LOW HITPOINT WARNING * * *
The hell knight burns you.
* * * LOW HITPOINT WARNING * * *
There is a rocky tunnel leading out of this place here.
The hell knight hits you but does no damage.
The hell knight hits you with a +0 flail of flaming!
You die...

#8...8#
#.....#
#.....#
#8...8#
#..O..#
#.O...#
#8.O.8#
##.p.##
##@##
###


You could see a hell knight (fast) and 3 two-headed ogres.

Vanquished Creatures
  Nessos (Lair:3)
  2 hydras (Lair:2)
  An ogre mage (Volcano)
  5 two-headed ogres
  3 death yaks (D:10)
  Pikel (D:6)
  Maurice (D:9)
  A black mamba (Lair:1)
  Joseph (D:7)
  Psyche (D:9)
  2 cane toads
  A komodo dragon (Lair:2)
  A hornet (Lair:2)
  A troll (D:10)
  3 slime creatures
  6 blink frogs (Lair:1)
  Sigmund (D:2)
  A spriggan (Lair:2)
  13 yaks
  3 steam dragons
  Menkaure (D:4)
  2 nagas (Lair:2)
  6 water moccasins
  3 orc warriors
  An ogre (D:6)
  A black bear (Lair:1)
  9 wolves
  2 centaurs
  4 lemures (D:6)
  A phantom (D:6)
  A kobold brigand (D:7)
  12 bullfrogs
  3 necrophages
  A gnoll sergeant (D:6)
  A scorpion (D:5)
  6 wights
  4 killer bees (D:8)
  4 howler monkeys (D:9)
  5 orc priests
  Crazy Yiuf (D:6)
  A gnoll bouda (D:6)
  A hound (D:5)
  3 iguanas
  11 orc wizards
  6 gnolls (D:6)
  4 adders
  2 white imps (D:6)
  3 worms
  8 dart slugs
  30 orcs
  9 ball pythons
  9 bats
  6 endoplasms
  2 giant cockroaches
  6 goblins
  11 hobgoblins
  3 jackals (D:1)
  6 quokkas
  2 frilled lizards (D:2)
  9 kobolds
  10 rats
259 creatures vanquished.

Vanquished Creatures (collateral kills)
  A foxfire (Lair:2)
1 creature vanquished.

Vanquished Creatures (others)
  275 foxfires
  14 fungi
  8 plants
297 creatures vanquished.

Grand Total: 557 creatures vanquished

Notes
Turn   | Place    | Note
-------+----------+-------------------------------------------
     0 | D:1      | Smoke131 the Draconian Fire Elementalist began the quest
                  | for the Orb.
     0 | D:1      | Reached XP level 1. HP: 14/14 MP: 3/3
   164 | D:1      | Reached XP level 2. HP: 10/22 MP: 3/5
   329 | D:1      | Learned a level 2 spell: Scorch
   825 | D:1      | Reached skill level 1 in Fighting
   974 | D:1      | Found a faded altar of an unknown god.
  1034 | D:1      | Reached XP level 3. HP: 27/28 MP: 6/6
  1406 | D:2      | Learned a level 3 spell: Conjure Flame
  1715 | D:2      | Noticed Sigmund
  2101 | D:2      | Killed Sigmund
  2102 | D:2      | Reached skill level 1 in Shields
  2102 | D:2      | Reached XP level 4. HP: 27/36 MP: 0/8
  2102 | D:2      | Reached XP level 5. HP: 31/41 MP: 0/9
  3160 | D:3      | Reached XP level 6. HP: 50/50 MP: 7/10
  3561 | D:4      | Identified a scroll of acquirement
  3561 | D:4      | Acquired a staff of conjuration
  3590 | D:4      | Noticed Menkaure
  4073 | D:4      | Identified the +8 short sword of the Asp {freeze, rPois
                  | Dex+5}
  4116 | D:4      | Killed Menkaure
  4399 | D:4      | Found a snail-covered altar of Cheibriados.
  4448 | D:3      | Your scales start taking on a golden yellow colour.
  4448 | D:3      | Reached XP level 7. HP: 50/57 MP: 8/11
  4448 | D:3      | Gained mutation: You are resistant to acid. (rCorr) [Yellow
                  | Draconian growth]
  5085 | D:5      | Entered Level 5 of the Dungeon
  5128 | D:5      | Found a staircase to the Ecumenical Temple.
  5137 | Temple   | Entered the Ecumenical Temple
  5162 | Temple   | Became a worshipper of Vehumet
  5255 | D:5      | Learned a level 1 spell: Magic Dart
  5350 | D:5      | Found the +7 staff of the Meek {protect, meekguard}
  6308 | D:6      | Reached XP level 8. HP: 66/66 MP: 8/13
  6731 | D:6      | Reached skill level 5 in Fire Magic
  6886 | D:6      | Found a runed translucent door.
  6887 | D:6      | Noticed Crazy Yiuf
  6916 | D:6      | Killed Crazy Yiuf
  7055 | D:6      | Identified the +2 leather armour "Dusestae" {Will++}
  7184 | D:7      | Noticed Pikel
  7327 | D:6      | Killed Pikel
  7328 | D:6      | Reached skill level 5 in Fighting
  7450 | D:7      | Identified the +7 trident of the Dwarven Hall {vamp,
                  | +Blink}
  7524 | D:7      | Learned a level 4 spell: Flame Wave
  7525 | D:7      | Found Myubex's General Store.
  7737 | D:7      | Reached * piety under Vehumet
  7737 | D:7      | Offered knowledge of Shock by Vehumet.
  7809 | D:7      | Reached XP level 9. HP: 74/74 MP: 10/16
  8084 | D:7      | Noticed Joseph
  8095 | D:7      | Killed Joseph
  8096 | D:7      | Reached skill level 5 in Dodging
  8096 | D:7      | Reached skill level 5 in Spellcasting
  8096 | D:7      | Reached skill level 5 in Conjurations
  8658 | D:7      | Found a broken altar of Ashenzari.
  9088 | D:8      | Noticed a two-headed ogre
  9364 | D:8      | Reached ** piety under Vehumet
  9364 | D:8      | Offered knowledge of Static Discharge by Vehumet.
  9422 | D:8      | Killed a large slime creature
  9599 | D:8      | Killed a two-headed ogre
  9600 | D:8      | Reached XP level 10. HP: 86/86 MP: 0/17
 10236 | D:8      | Found a white marble altar of Elyvilon.
 10243 | D:8      | Found a bloodstained altar of Trog.
 10246 | D:8      | Found an iron altar of Okawaru.
 10246 | D:8      | Found a basalt altar of Yredelemnul.
 10252 | D:8      | Found an opulent altar of Gozag.
 10779 | D:9      | Noticed Psyche
 10786 | D:9      | Killed Psyche
 10956 | D:9      | Learned a level 2 spell: Passwall
 11253 | D:9      | Found Venofag's Jewellery Shoppe.
 11694 | D:10     | Entered Level 10 of the Dungeon
 11723 | D:10     | Noticed a death yak
 11724 | D:10     | Noticed a death yak
 11735 | D:10     | Noticed a death yak
 11739 | D:10     | Killed a death yak
 11745 | D:10     | Noticed Maurice
 11748 | D:10     | Killed a death yak
 11750 | D:10     | Killed a death yak
 11770 | D:10     | HP: 3/90 [something (8)]
 11776 | D:9      | Paralysed by something for 4 turns
 11790 | D:9      | Killed Maurice
 11791 | D:9      | Reached XP level 11. HP: 46/95 MP: 3/18
 12051 | D:10     | Found a staircase to the Lair.
 12252 | D:10     | Found a shadowy altar of Dithmenos.
 12323 | D:10     | Offered knowledge of Dazzling Flash by Vehumet.
 12451 | D:10     | Found a burning altar of Makhleb.
 12857 | D:10     | Noticed a two-headed ogre
 12865 | D:10     | Killed a two-headed ogre
 12876 | D:10     | Learned a level 3 spell: Dazzling Flash
 13077 | D:10     | Acquired a staff of fire
 13136 | Lair:1   | Entered Level 1 of the Lair of Beasts
 13136 | Lair:1   | Found a broken altar of Ashenzari.
 13683 | Lair:1   | Reached *** piety under Vehumet
 14160 | Lair:1   | Learned a level 2 spell: Blink
 14939 | Lair:2   | Noticed a five-headed hydra
 14956 | Lair:2   | Killed a five-headed hydra
 15146 | Lair:2   | Noticed a four-headed hydra
 15166 | Lair:2   | Killed a four-headed hydra
 15169 | Lair:2   | Reached skill level 10 in Fighting
 15179 | Lair:1   | Offered knowledge of Ignite Poison by Vehumet.
 15180 | Lair:1   | Reached XP level 12. HP: 42/106 MP: 3/21
 15665 | Lair:2   | Paralysed by a hornet for 3 turns
 15910 | Lair:2   | Found a staircase to the Snake Pit.
 16336 | Lair:3   | Noticed Nessos
 16347 | Lair:3   | Killed Nessos
 16348 | Lair:3   | Reached skill level 10 in Fire Magic
 16459 | Lair:3   | Found a dark tunnel.
 16464 | Volcano  | Entered a volcano
 16597 | Volcano  | Noticed an ogre mage
 16601 | Volcano  | Found a burning altar of Makhleb.
 16607 | Volcano  | Killed an ogre mage
 16672 | Volcano  | Noticed a two-headed ogre
 16676 | Volcano  | Noticed a two-headed ogre
 16679 | Volcano  | Noticed a two-headed ogre
 16683 | Volcano  | Killed a two-headed ogre
 16693 | Volcano  | Killed a two-headed ogre
 16697 | Volcano  | Killed a two-headed ogre
 16718 | Volcano  | Noticed a two-headed ogre
 16718 | Volcano  | Noticed a two-headed ogre
 16722 | Volcano  | Noticed a two-headed ogre
 16755 | Volcano  | Slain by a hell knight

Illustrated notes

Levels and vault maps discovered:
D:1:      dpeg_arrival_pits, layout_basic, shapermc_ecumenical_altar_pompeii,
          serial_forest, infiniplex_forest_end_1, infiniplex_forest_corner_1,
          infiniplex_forest_side_room, infiniplex_forest_clump_cross,
          infiniplex_forest_fountain, infiniplex_forest_lined_corner
D:2:      layout_loops_ring, kennysheep_generic_room_9, uniq_sigmund
D:3:      layout_rooms, nrook_campfire, chequers_jeans, serial_bayou_pond_a,
          minmay_misc_feat_cross, minmay_diced_spiral
D:4:      layout_loops_ring, slow_altar_1, minmay_pentomino_pile, uniq_menkaure
D:5:      layout_cave_pools, temple_hall, kennysheep_potato
D:6:      layout_cave_pods, uniq_crazy_yiuf_cottage
D:7:      layout_gridville, mainiacjoe_overflow_alcove_4, serial_shops, shop,
          uniq_joseph, uniq_pikel
D:8:      layout_loops_ring, nicolae_overflow_hallway_of_the_gods
D:9:      layout_long_grid, serial_shops, nicolae_shop_crystal,
          fungi_pond_lemuel, chequers_serial_rivers_small_a, uniq_psyche
D:10:     layout_roguey, mainiacjoe_overflow_tiny_flanked,
          lightli_temple_of_fire, dpeg_lair_monsters,
          hangedman_abyss_or_decor_passed, uniq_maurice
Temple:   cyrus_circular_temple
Lair:1:   layout_cave_pods, basic_altar, serial_bayou_lagoon_a, minivault_24
Lair:2:   layout_loops_ring, guppyfry_snake_entry_garden,
          grunt_forest_large_clearing_hut
Lair:3:   layout_regular_city, elwin_shoals_entry_rooms, enter_volcano_4,
          lemuel_fruit_fields, uniq_nessos, uniq_snorg
Volcano:  kennysheep_volcano_temple

Skill      XL: |  1  2  3  4  5  6  7  8  9 10 11 12 |
---------------+-------------------------------------+-----
Dodging        | 2 3 4 6 7 8 9 |  9.2
Fighting       | 1 2 3 4 5 7 8 10 | 10.0
Shields        | 1 2 3 4 |  4.0
Conjurations   | 2 3 4 6 7 9 |  9.8
Spellcasting   | 3 4 5 6 |  6.9
Fire Magic     | 4 5 7 8 9 10 | 10.0
Stealth        | |  1.7

Action                   |  1- 3 |  4- 6 |  7- 9 | 10-12 || total
-------------------------+-------+-------+-------+-------++-------
Melee: Unarmed           |   199 |       |       |       ||   199
       Tailslap          |    64 |    17 |    13 |    18 ||   112
       Dagger            |    63 |       |       |       ||    63
       Punch             |     6 |       |       |       ||     6
       Mace              |     5 |    61 |       |       ||    66
       Staff             |       |    75 |    85 |    70 ||   230
 Cast: Foxfire           |    23 |     5 |    23 |   114 ||   165
       Scorch            |     9 |    17 |   142 |   193 ||   361
       Conjure Flame     |       |       |     4 |    10 ||    14
       Flame Wave        |       |       |       |     1 ||     1
 Abil: Breathe Acid      |       |       |    11 |    12 ||    23
Evoke: Wand              |       |       |     6 |     7 ||    13
  Use: Scroll            |       |     8 |    10 |    12 ||    30
       Potion            |       |       |       |     9 ||     9
 Stab: Sleeping          |     3 |     2 |       |       ||     5
Armor: Skin              |    24 |    38 |    45 |    55 ||   162
Dodge: Dodged            |    65 |    63 |   115 |   157 ||   400
Block: Other             |    18 |       |       |       ||    18
       Buckler           |    23 |    63 |    84 |   133 ||   303
       Reflection        |       |     3 |     4 |     6 ||    13
